 Dungeon Crawl Stone Soup version 0.25-a0-35-g747a2b3c0c (webtiles) character file.

Game seed: 14497662362745561619, levelgen mode: deterministic

28 Chiseanne the Magician (level 3, 24/24 HPs)
             Began as a Demonspawn Wizard on Oct 18, 2019.
             Quit the game on level 2 of the Dungeon.
             The game lasted 00:01:46 (1582 turns).

Chiseanne the Magician (Demonspawn Wizard)          Turns: 1582, Time: 00:01:47

Health: 24/24      AC:  3    Str:  7    XL:     3   Next: 0%
Magic:  2/8        EV: 12    Int: 20    God:
Gold:   54         SH:  0    Dex: 11    Spells: 8/9 levels left

rFire    . . .     SeeInvis .   i - -2 mace (curse)
rCold    . . .     Gourm    .   (no shield)
rNeg     . . .     Faith    .   a - +0 robe
rPois    .         Spirit   .   b - +1 hat
rElec    .         Reflect  .   (no cloak)
rCorr    .         Harm     .   (no gloves)
MR       .....                  (no boots)
Stlth    ++........             (no amulet)
HPRegen  1.08/turn              (no ring)
MPRegen  0.11/turn              (no ring)

@: no status effects
A: demonic guardian 1, powered by death 1
a: no special abilities


You were on level 2 of the Dungeon.
You were not hungry.

You visited 1 branch of the dungeon, and saw 2 of its levels.

You collected 54 gold pieces.

Inventory:

Hand Weapons
 i - a cursed -2 mace (weapon)
 k - a +0 club
Missiles
 c - 31 stones (quivered)
 h - 8 sling bullets
 o - 12 arrows
Armour
 a - a +0 robe (worn)
 b - a +1 hat (worn)
Potions
 e - 2 potions of heal wounds
 l - a potion of lignification {unknown}
 n - a potion of resistance {unknown}
 p - a potion of invisibility {unknown}
Comestibles
 d - 3 rations
 f - a chunk of flesh


   Skills:
 - Level 1.7 Dodging
 - Level 1.7 Stealth
 * Level 3.5 Spellcasting
 * Level 2.1 Conjurations
   Level 1.0 Summonings
   Level 0.8 Translocations


You had 8 spell levels left.
You knew the following spells:

 Your Spells              Type           Power        Failure   Level  Hunger
a - Magic Dart            Conj           ##..         5%          1    None

Your spell library contained the following spells:

 Spells                   Type           Power        Failure   Level  Hunger
 Summon Small Mammal      Summ           #...         9%          1    None
 Apportation              Tloc           #.....       10%         1    None
 Animate Skeleton         Necr           N/A          14%         1    None
 Confusing Touch          Hex            #.....       14%         1    None
 Blink                    Tloc           N/A          14%         2    ##.....
 Call Imp                 Summ           #.......     14%         2    ##.....
 Slow                     Hex            #.......     21%         2    ##.....
 Conjure Flame            Conj/Fire      #.......     26%         3    ###....
 Mephitic Cloud           Conj/Pois/Air  #.......     30%         3    ###....


Dungeon Overview and Level Annotations

Branches:
Dungeon (2/15)

Altars:


Innate Abilities, Weirdness & Mutations

A weak demonic guardian rushes to your aid.
You regenerate a little health from kills.


Message History

Confirm with . or Enter, or press ? or * to list all spells.
Aiming: Magic Dart (safe; 6% risk of failure)
Press: ? - help, Shift-Dir - straight line, f - goblin
Aim: a goblin, wielding a +0 dagger The magic dart hits the goblin.
The goblin is severely wounded.
Casting: Magic Dart (safe; 6% risk of failure)
Confirm with . or Enter, or press ? or * to list all spells.
Aiming: Magic Dart (safe; 6% risk of failure)
Press: ? - help, Shift-Dir - straight line, f/p - goblin
Aim: a goblin, wielding a +0 dagger (severely wounded)
The magic dart hits the goblin.
You kill the goblin!
You have reached level 3!
Your experience leads to an increase in your attributes!
Increase (S)trength, (I)ntelligence, or (D)exterity?
You feel clever.
Your demonic ancestry asserts itself...
You feel the presence of a demonic guardian.
Unknown command.
Are you sure you want to abandon this character and quit the game? (Confirm with "yes".)

#.# #<# # #.#####.##.####
####.............#
#..........##.##.#
#.##.########.# ## #.##.#
#.# .# #.##.# #.# .#
#.##.# #.###.#.#.%.
#.#.#.########.@...).....
..###..........####.#.....
## #.#.#######........ ...
#.##.##............).$ .
## #..†÷.############..K
####.## .. ### #


There were no monsters in sight!

Vanquished Creatures
  A dart slug (D:1)
  4 bats (D:1)
  5 goblins
  5 hobgoblins
  A ball python (D:1)
  A frilled lizard (D:1)
  2 kobolds (D:1)
  6 rats
25 creatures vanquished.

Notes
Turn   | Place    | Note
-------+----------+-------------------------------------------
     0 | D:1      | Chiseanne the Demonspawn Wizard began the quest for the
                  | Orb.
     0 | D:1      | Reached XP level 1. HP: 13/13 MP: 4/4
   728 | D:1      | Gained mutation: You regenerate a little health from kills.
                  | [demonic ancestry]
   728 | D:1      | Reached XP level 2. HP: 19/19 MP: 3/6
  1581 | D:2      | Gained mutation: A weak demonic guardian rushes to your
                  | aid. [demonic ancestry]
  1581 | D:2      | Reached XP level 3. HP: 24/24 MP: 2/8
  1582 | D:2      | Quit the game

Levels and vault maps discovered:
D:1:      wheals_arrival_shading, layout_basic
D:2:      layout_loops_ring, grunt_temple_overflow_order_and_chaos_2, hex_tiny

Skill      XL: |  1  2 |
---------------+-------+-----
Conjurations   | 2 |  2.1
Dodging        | |  1.7
Stealth        | |  1.7
Spellcasting   | |  3.5
Summonings     | |  1.0
Translocations | |  0.8

Action                   || total
-------------------------++-------
Melee: Unarmed           ||     8
       Mace              ||     1
 Cast: Magic Dart        ||    48
  Use: Scroll            ||     3
 Stab: Sleeping          ||     1
  Eat: Chunk             ||     2
Armor: Robe              ||    10
Dodge: Dodged            ||    27

Table legend:
 A = Non-vault XP
 B = Vault XP
 C = Vault XP percentage of total XP
 D = Non-vault monster count
 E = Vault monster count
 F = Vault count percentage of total count
                 A         B        C        D         E       F
            +---------+---------+-------+---------+---------+-------
      Total |      41 |       0 |   0.0 |      25 |       0 |   0.0
            +---------+---------+-------+---------+---------+-------
        D:1 |      34 |       0 |   0.0 |      21 |       0 |   0.0
        D:2 |       7 |       0 |   0.0 |       4 |       0 |   0.0
            +---------+---------+-------+---------+---------+-------
